 Dungeon Crawl Stone Soup version 0.26-a0-665-gefeb406119 (webtiles) character file.

Game seed: 10947062238598923100

39869 jasper the Martial Artist (level 14, -6/77 HPs)
             Began as a Vine Stalker Transmuter on Oct 15, 2020.
             Was a High Priest of Okawaru.
             Killed from afar by Josephine (12 damage)
             ... with a ghostly fireball
             ... on level 1 of the Orcish Mines.
             The game lasted 00:32:42 (14878 turns).

jasper the Martial Artist (VSTm)                   Turns: 14878, Time: 00:32:42

Health: -6/77      AC:  7    Str: 14    XL:     14   Next: 8%
Magic:  0/21       EV: 19    Int: 19    God:    Okawaru [*****.]
Gold:   448        SH:  0    Dex: 15    Spells: 4/21 levels left

rFire    + + .     SeeInvis +     - Unarmed
rCold    + + .     Faith    .   (shield currently unavailable)
rNeg     + . .     Spirit   +   x - +0 steam dragon scales
rPois    +         Reflect  .   V - +1 hat {MR+}
rElec    .         Harm     .   i - scarf {+Inv}
rCorr    .         Rampage  .   (gloves currently unavailable)
MR       ++...                  r - +0 pair of boots
Stlth    ++........             u - amulet "Joshysu" {rC+ Regen+ SInv}
HPRegen  1.42/turn              k - +6 ring of intelligence
MPRegen  0.17/turn              p - ring of Upops {rPois rF++ rC+ rN+ Int-4}

@: blade hands (expiring), heroism, slowed, heavily drained, very slow
A: fangs 3, regeneration 2, magic shield, antimagic bite, no potion heal 3, rot
immunity
a: End Transformation, Heroism, Finesse, Renounce Religion, Evoke Invisibility


You were on level 1 of the Orcish Mines.
You worshipped Okawaru.
Okawaru was extremely pleased with you.
You had blades for hands.
You visited 3 branches of the dungeon, and saw 17 of its levels.
You also visited: Ossuary, Bailey and Gauntlet.

You collected 1180 gold pieces.
You spent 732 gold pieces at shops.

Inventory:

Missiles
 b - 137 bolts
 d - 639 stones (quivered)
 v - 21 boomerangs
 D - 3 throwing nets
 T - 5 curare-tipped darts
Armour
 c - a +0 buckler (melded)
 i - a scarf of invisibility (worn)
 r - a +0 pair of boots (worn)
 x - +0 steam dragon scales (worn)
 V - a +1 hat of magic resistance (worn)
Jewellery
 e - an uncursed amulet of reflection
 k - a +6 ring of intelligence (left scythe-like blade)
 p - the ring of Upops (right scythe-like blade) {rPois rF++ rC+ rN+ Int-4}
   (You acquired it in a bailey)

   [ring of protection from cold]

   It affects your intelligence (-4).
   It greatly protects you from fire.
   It protects you from cold.
   It protects you from poison.
   It protects you from negative energy.
 u - the amulet "Joshysu" (around neck) {rC+ Regen+ SInv}
   (You found it in a Gauntlet)

   [amulet of regeneration]

   It protects you from cold.
   It lets you see invisible.
   It increases your rate of regeneration.
 H - the amulet of Fecvifie {Acrobat *Drain rElec rC+ Dex+9, unknown}
   (You found it in a Gauntlet)

   [amulet of the acrobat]

   It helps you evade while moving and waiting.
   It affects your dexterity (+9).
   It protects you from cold.
   It insulates you from electricity.
   It causes draining when unequipped.
 J - the ring "Neesaym" {rPois MR+ Int+2}
   (You bought it in a shop on level 1 of the Orcish Mines)

   [ring of poison resistance]

   It affects your intelligence (+2).
   It protects you from poison.
   It affects your resistance to hostile enchantments.
 M - the ring of Qilops {rN+ MP+9}
   (You found it on level 10 of the Dungeon)

   [ring of magical power]

   It protects you from negative energy.
   It affects your magic capacity (+9).
 P - a +4 ring of protection
 W - the ring "Qeatau" {+Fly rF+++}
   (You took it off a minotaur in a Gauntlet)

   [ring of flight]

   It renders you almost immune to fire.
   It lets you fly.
 X - an uncursed ring of poison resistance {unknown}
 Y - an uncursed amulet of magic regeneration {unknown}
Wands
 y - a wand of enslavement (12)
 G - a wand of digging (4)
 I - a wand of disintegration (7)
 N - a wand of acid (19)
 O - a wand of paralysis (6)
 Q - a wand of iceblast (18)
Scrolls
 f - 10 scrolls of teleportation
 j - 2 scrolls of holy word
 l - 2 scrolls of amnesia
 n - 4 scrolls of enchant armour
 q - a scroll of blinking
 z - a scroll of silence
 A - 5 scrolls of remove curse
 C - 4 scrolls of enchant weapon
 L - a scroll of fog
 S - a scroll of fear
Potions
 a - 2 potions of brilliance
 g - 4 potions of degeneration
 h - a potion of stabbing
 m - 9 potions of ambrosia {unknown}
 o - 3 potions of lignification
 s - 7 potions of curing
 t - 5 potions of haste
 w - 3 potions of flight
 B - 4 potions of invisibility
 E - 2 potions of heal wounds
 F - 2 potions of resistance
 K - a potion of cancellation
 U - a potion of might {unknown}


   Skills:
 - Level 10.2(12.6) Fighting
 - Level 7.2(9.8) Dodging
 - Level 4.5(7.3) Shields
 - Level 12.3(14.7) Unarmed Combat
 - Level 4.0(2.1) Spellcasting
 - Level 5.1(3.1) Hexes
 - Level 2.0(0.2) Necromancy
 - Level 10.3(8.1) Transmutations
 + Level 1.9(0.1) Earth Magic
 - Level 8.0(5.8) Invocations


You had 4 spell levels left.
You knew the following spells:

 Your Spells              Type           Power        Failure   Level
b - Wereblood             Tmut           ####....     14%         2
d - Blade Hands           Tmut           ####......   58%         5
e - Animate Skeleton      Necr           #.....       56%         1
f - Confusing Touch       Hex            ##......     54%         3
g - Statue Form           Tmut/Erth      ###......    100%        6

Your spell library contained the following spells:

 Spells                   Type           Power        Failure   Level
 Beastly Appendage        Tmut           ####..       13%         1
 Spider Form              Tmut/Pois      ###.......   45%         3
 Pain                     Necr           #...         56%         1
 Poisonous Vapours        Pois/Air       #.....       69%         2
 Ice Form                 Ice/Tmut       ###.....     73%         4
 Petrify                  Tmut/Erth      ###.....     73%         4
 Vampiric Draining        Necr           #.........   82%         3
 Conjure Flame            Conj/Fire      #.......     85%         3
 Gell's Gravitas          Tloc           #.........   85%         3
 Mephitic Cloud           Conj/Pois/Air  #.......     85%         3
 Animate Dead             Necr           #.........   98%         4
 Summon Lightning Spire   Summ/Air       #.......     99%         4
 Yara's Violent Unravell  Hex/Tmut       ###.......   82%         5
 Irradiate                Conj/Tmut      ###.......   94%         5
 Hydra Form               Tmut           ####......   95%         6
 Metabolic Englaciation   Hex/Ice        #.........   99%         5
 Silence                  Hex/Air        #.........   99%         5
 Agony                    Necr           #.......     100%        5
 Conjure Ball Lightning   Conj/Air       #.........   100%        6
 Freezing Cloud           Conj/Ice/Air   #.........   100%        6
 Ozocubu's Refrigeration  Ice            #.........   100%        6
 Simulacrum               Ice/Necr       #.........   100%        6
 Dragon Form              Tmut           ####......   100%        7
 Tornado                  Air            #.........   100%        9


Dungeon Overview and Level Annotations

Branches:
Dungeon (11/15)            Temple (0/1) D:6            Lair (4/6) D:11
 Shoals (0/4) Lair:2       Spider (0/4) Lair:3          Orc (2/2) D:11
Ossuary (visited)          Bailey (visited)         Gauntlet (visited)
    Elf: Orc:2

Altars:
Cheibriados
Dithmenos
Fedhas
Hepliaklqana
Nemelex Xobeh
Okawaru
Qazlal
Sif Muna
Uskayaw
Yredelemnul

Shops:
D:7 *   D:10 *   Orc:1 *

Annotations:
Lair:3 exclusion: 5 oklob plants
Orc:1 Josephine
Orc:2 Nessos


Innate Abilities, Weirdness & Mutations

You have razor-sharp teeth.
You heal very quickly.
When hurt, damage is shared between your health and your magic reserves.
Your bite disrupts and absorbs the magic of your enemies.
Potions cannot restore your health.
You are immune to rotting.


Message History

* * * LOW HITPOINT WARNING * * *
The ghostly fireball engulfs Josephine.
Josephine completely resists.
The ghostly fireball engulfs the wraith.
The wraith completely resists.
The ghostly fireball engulfs the wraith.
The wraith completely resists.
The wraith hits you!
* * * LOW HITPOINT WARNING * * *
Unknown command.
You take 16 damage, and have 5/77 hp.
MASSIVE DAMAGE!!
You now have 0/21 mp.
Press: ? - help, Dir - move target cursor
As you read the scroll of blinking, it crumbles to dust.
Josephine gestures at you while chanting.
The ghostly flame explodes!
The ghostly fireball engulfs you. You partially resist.
You feel drained.
* * * LOW HITPOINT WARNING * * *
You take 1 damage, and have 4/77 hp.
Josephine gestures at you while chanting.
The ghostly flame explodes!
The ghostly fireball engulfs you! You partially resist.
You feel drained.
You die...

###....#...#.##.##......W....##
.##.......###)#.#.##.[)...#.##
.#.##.....##.).....#.[@..####
.......#..###.......#.....#
......##....).##.....#..###
.......#......##......#.#
#.....###.))..###......##
.....###......##......##
#..............#@...###
..........#.........#
.#.###...####......##
.###......###.....##
.##...##....####.##
###....##....#####
.....##.##....# #............##
##.....#.∩.#.#


You could see Josephine.

Vanquished Creatures
  An orc warlord (Bailey)
  A minotaur (Gauntlet)
  A great orb of eyes (Gauntlet)
  A hydra (D:11)
  A centaur warrior (D:11)
  A two-headed ogre (D:8)
  Sonja (Lair:1)
  Nergalle (Lair:1)
  A skeletal warrior (D:11)
  2 orc sorcerers (Orc:1)
  An orc knight (Orc:1)
  2 elephants (Lair:3)
  A manticore (Lair:2)
  3 ugly things
  A centaur zombie (D:11)
  An apocalypse crab (Gauntlet)
  A centaur skeleton (D:10)
  4 cane toads (Lair:3)
  Maggie (D:6)
  A minotaur zombie (Gauntlet)
  A rime drake (Lair:3)
  2 komodo dragons (Lair:2)
  3 trolls
  2 queen bees (Lair:3)
  A wind drake (Lair:2)
  2 hornets
  2 polar bears
  A slime creature (D:11)
  6 blink frogs (Lair:3)
  A redback (Lair:3)
  A vampire (D:10)
  A spriggan (Lair:3)
  2 wraiths (Orc:1)
  39 yaks
  A basilisk (Lair:3)
  Grum (D:11)
  4 wyverns
  2 wargs (D:11)
  Menkaure (D:6)
  8 water moccasins
  2 ice beasts (D:9)
  2 black bears
  12 orc warriors
  2 sky beasts
  2 phantoms
  5 ogres
  9 wolves
  2 centaurs
  An elf zombie (Ossuary)
  4 big kobolds
  11 bullfrogs
  A gnoll sergeant (D:9)
  3 scorpions
  57 killer bees
  5 wights
  3 howler monkeys
  An electric eel (Lair:3)
  3 human zombies (Ossuary)
  A bullfrog zombie (D:9)
  8 hounds
  4 jellies
  6 orc priests
  3 bullfrog skeletons
  13 orc wizards
  2 iguanas
  6 worker ants
  4 hell rats (Lair:2)
  2 hound zombies
  A hound skeleton (D:8)
  3 mummies (Ossuary)
  A howler monkey zombie (D:8)
  A worker ant zombie (D:7)
  2 howler monkey skeletons
  7 adders
  13 gnolls
  3 shadow imps
  A white imp (D:5)
  An ufetubus (D:10)
  An ooze (D:1)
  8 adder zombies (Ossuary)
  An adder skeleton (D:8)
  4 worms
  3 dart slugs
  2 leopard geckos
  38 orcs
  5 bats
  A giant cockroach (D:2)
  13 goblins
  4 hobgoblins
  13 jackals
  6 quokkas
  2 ball pythons (D:1)
  4 frilled lizards
  2 gnoll zombies (Ossuary)
  4 hobgoblin zombies (Ossuary)
  4 jackal zombies (Ossuary)
  31 kobolds
  6 kobold zombies (Ossuary)
  2 orc zombies (Ossuary)
  2 quokka zombies (Ossuary)
  4 rats
  4 rat zombies (Ossuary)
479 creatures vanquished.

Vanquished Creatures (others)
  An orc (Orc:2)
  4 demonic plants (Gauntlet)
  14 fungi
  62 plants
81 creatures vanquished.

Grand Total: 560 creatures vanquished

Notes
Turn   | Place    | Note
-------+----------+-------------------------------------------
     0 | D:1      | jasper the Vine Stalker Transmuter began the quest for the
                  | Orb.
     0 | D:1      | Reached XP level 1. HP: 9/9 MP: 4/4
   178 | D:1      | Reached skill level 1 in Fighting
   182 | D:1      | Reached XP level 2. HP: 13/14 MP: 6/6
   795 | D:1      | Reached XP level 3. HP: 17/18 MP: 5/7
  1299 | D:2      | Found a faded altar of an unknown god.
  1716 | D:3      | Found an iron altar of Okawaru.
  1722 | D:3      | Reached skill level 4 in Unarmed Combat
  1725 | D:3      | Gained mutation: Your natural rate of healing is unusually
                  | fast. [Vine Stalker growth]
  1725 | D:3      | Reached XP level 4. HP: 23/23 MP: 8/8
  1788 | D:3      | Reached XP level 5. HP: 13/26 MP: 4/9
  1794 | D:3      | Became a worshipper of Warmaster Okawaru
  2738 | D:4      | Noticed a centaur
  2760 | D:4      | Killed a centaur
  2760 | D:4      | Reached skill level 5 in Unarmed Combat
  2760 | D:4      | Reached skill level 1 in Invocations
  2760 | D:4      | Reached XP level 6. HP: 3/32 MP: 1/10
  2821 | D:4      | Learned a level 2 spell: Wereblood
  2825 | D:4      | Learned a level 3 spell: Spider Form
  2836 | D:4      | Got a translucent scale mail
  2847 | D:4      | Identified the cursed +0 scale mail of Light {Str+4} (You
                  | found it on level 4 of the Dungeon)
  2916 | D:5      | Entered Level 5 of the Dungeon
  2979 | D:5      | Found a snail-covered altar of Cheibriados.
  2997 | D:5      | Found a blossoming altar of Fedhas.
  2997 | D:5      | Found a basalt altar of Yredelemnul.
  2997 | D:5      | Found a stormy altar of Qazlal.
  3098 | D:5      | Noticed a phantom
  3133 | D:5      | Killed a phantom
  3133 | D:5      | Reached * piety under Okawaru
  3341 | D:5      | Reached XP level 7. HP: 35/35 MP: 9/11
  3530 | D:5      | Found a sparkling altar of Nemelex Xobeh.
  3530 | D:5      | Found a shimmering blue altar of Sif Muna.
  3537 | D:5      | Found a hazy altar of Hepliaklqana.
  3539 | D:5      | Found a faded altar of an unknown god.
  3540 | D:5      | Found a shadowy altar of Dithmenos.
  4011 | D:6      | Noticed Menkaure
  4020 | D:6      | Noticed Maggie
  4023 | D:6      | Killed Menkaure
  4023 | D:6      | Reached skill level 6 in Unarmed Combat
  4027 | D:6      | Killed Maggie
  4027 | D:6      | Reached ** piety under Okawaru
  4027 | D:6      | Gained mutation: You have razor-sharp teeth. [Vine Stalker
                  | growth]
  4027 | D:6      | Reached XP level 8. HP: 22/41 MP: 10/12
  4323 | D:6      | Found a staircase to the Ecumenical Temple.
  4361 | D:6      | Found a sand-covered staircase.
  4369 | Ossuary  | Entered an ossuary
  4618 | Ossuary  | Reached skill level 7 in Unarmed Combat
  4727 | Ossuary  | Learned a level 5 spell: Blade Hands
  4816 | D:6      | Found a hide-covered altar of Uskayaw.
  5874 | D:7      | Found Nubu's General Store.
  5882 | D:7      | Bought a scroll of identify for 24 gold pieces
  5882 | D:7      | Bought a scroll of identify for 24 gold pieces
  6120 | D:8      | Reached skill level 1 in Shields
  6299 | D:8      | Noticed a two-headed ogre
  6309 | D:8      | Killed a two-headed ogre
  6309 | D:8      | Reached *** piety under Okawaru
  6309 | D:8      | Reached **** piety under Okawaru
  6309 | D:8      | Reached skill level 5 in Fighting
  6309 | D:8      | Reached skill level 8 in Unarmed Combat
  6309 | D:8      | Reached XP level 9. HP: 47/47 MP: 13/13
  6397 | D:8      | Reached skill level 9 in Unarmed Combat
  6991 | D:9      | Noticed a hornet
  7001 | D:9      | Paralysed by a hornet for 1 turns
  7007 | D:8      | Killed a hornet
  7165 | D:8      | Reached XP level 10. HP: 10/53 MP: 6/14
  7187 | D:8      | Reached skill level 10 in Unarmed Combat
  7585 | D:9      | Reached ***** piety under Okawaru
  7631 | D:9      | Found a flagged portal.
  7642 | Bailey   | Entered a bailey
  7647 | Bailey   | Noticed an orc warlord
  7949 | Bailey   | Found a runed translucent gate.
  7984 | Bailey   | Found a runed translucent gate.
  7986 | Bailey   | Found a runed translucent gate.
  8071 | Bailey   | Killed an orc warlord
  8071 | Bailey   | Reached skill level 11 in Unarmed Combat
  8092 | Bailey   | Reached XP level 11. HP: 58/58 MP: 15/15
  8100 | Bailey   | Identified a scroll of acquirement
  8100 | Bailey   | Acquired the ring of Upops {rPois rF++ rC+ rN+ Int-4}
  8221 | D:9      | Reached skill level 10 in Transmutations
  8230 | D:9      | Reached skill level 5 in Dodging
  8700 | D:9      | Gained mutation: You heal very quickly. [Vine Stalker
                  | growth]
  8700 | D:9      | Reached XP level 12. HP: 63/63 MP: 13/16
  8715 | D:9      | Learned a level 1 spell: Animate Skeleton
  8784 | D:10     | Entered Level 10 of the Dungeon
  8832 | D:10     | Reached skill level 1 in Necromancy
  9266 | D:10     | Found Qifengua's General Store.
  9269 | D:10     | Bought 3 scrolls of identify for 96 gold pieces
  9382 | D:10     | Got a transparent tin ring
  9469 | D:10     | Identified the ring of Qilops {rN+ MP+9} (You found it on
                  | level 10 of the Dungeon)
  9690 | D:11     | Found a staircase to the Lair.
  9781 | D:11     | Noticed Grum
  9796 | D:11     | Killed Grum
  9879 | D:11     | Found a staircase to the Orcish Mines.
  9889 | D:11     | Reached skill level 5 in Invocations
 10119 | D:11     | Noticed a seven-headed hydra
 10136 | D:11     | Killed a seven-headed hydra
 10136 | D:11     | Received a gift from Okawaru
 10457 | D:11     | Learned a level 3 spell: Confusing Touch
 10743 | Lair:1   | Entered Level 1 of the Lair of Beasts
 11040 | Lair:1   | Noticed Sonja
 11049 | Lair:1   | Reached skill level 1 in Hexes
 11071 | Lair:1   | Killed Sonja
 11588 | Lair:2   | Noticed Nergalle
 11597 | Lair:1   | Killed Nergalle
 11601 | Lair:2   | Noticed a six-headed hydra
 11695 | Lair:2   | Reached skill level 5 in Hexes
 11720 | Lair:2   | Reached XP level 13. HP: 22/68 MP: 1/20
 11756 | Lair:2   | Found a staircase to the Shoals.
 11796 | Lair:2   | You fall into a shaft and drop 2 floors!
 11956 | Lair:3   | Received a gift from Okawaru
 12053 | Lair:2   | Found a gate leading to a gauntlet.
 12058 | Gauntlet | Entered a Gauntlet
 12058 | Gauntlet | Found a transporter.
 12061 | Gauntlet | Found a transporter.
 12077 | Gauntlet | Found a transporter.
 12081 | Gauntlet | Found a transporter.
 12093 | Gauntlet | Found a transporter.
 12109 | Gauntlet | Found a runed translucent door.
 12111 | Gauntlet | Found a transporter.
 12114 | Gauntlet | Found a transporter.
 12118 | Gauntlet | Found a transporter.
 12124 | Gauntlet | Found a runed translucent door.
 12141 | Gauntlet | Found a transporter.
 12149 | Gauntlet | Found a transporter.
 12149 | Gauntlet | Found a transporter.
 12149 | Gauntlet | Noticed a great orb of eyes
 12151 | Gauntlet | Noticed a great orb of eyes
 12157 | Gauntlet | Found a transporter.
 12288 | Gauntlet | Killed a great orb of eyes
 12299 | Gauntlet | Acquired a scarf of invisibility
 12305 | Gauntlet | Got a warped zirconium amulet
 12306 | Gauntlet | Identified the amulet "Joshysu" {rC+ Regen+ SInv} (You
                  | found it in a Gauntlet)
 12459 | Gauntlet | Got a vibrating pewter amulet
 12494 | Gauntlet | Identified the ring "Qeatau" {+Fly rF+++}
 12494 | Gauntlet | Noticed a minotaur
 12503 | Gauntlet | Killed a minotaur
 12985 | Lair:3   | Reached skill level 12 in Unarmed Combat
 13780 | Lair:3   | Found a hole to the Spider Nest.
 14013 | Lair:3   | Reached skill level 10 in Fighting
 14457 | D:11     | Reached XP level 14. HP: 40/77 MP: 10/21
 14552 | Orc:1    | Entered Level 1 of the Orcish Mines
 14585 | Orc:1    | Received a gift from Okawaru
 14646 | Orc:1    | Learned a level 6 spell: Statue Form
 14703 | Orc:1    | Reached skill level 1 in Earth Magic
 14763 | Orc:1    | Found Yrarerol's General Store.
 14769 | Orc:1    | Bought the ring "Neesaym" {rPois MR+ Int+2} for 588 gold
                  | pieces
 14834 | Orc:2    | Entered Level 2 of the Orcish Mines
 14834 | Orc:2    | Noticed Nessos
 14834 | Orc:2    | Noticed Josephine
 14878 | Orc:1    | Killed from afar by Josephine

Illustrated notes

Levels and vault maps discovered:
D:1:      dpeg_arrival_brainrot, layout_loops_corners
D:2:      layout_rooms, chequers_ecumenical_altar_twisty
D:3:      layout_rooms, okawaru_metal_pillars_1_2
D:4:      layout_loops_cross, kennysheep_path_1
D:5:      layout_basic, chequers_temple_overflow_minitemple,
          grunt_temple_overflow_open
D:6:      layout_basic, marbit_many_paths, minmay_temple_entry_poolview,
          enter_ossuary_2, uniq_maggie, uniq_menkaure
D:7:      layout_loops_corners, serial_shops, shop
D:8:      layout_loops_ring
D:9:      layout_gridville, lightli_bailey_entry_fortress, grunt_decor_cap
D:10:     layout_basic, serial_shops, kennysheep_mini_moat,
          serial_bayou_crossing
D:11:     minmay_bubble_buster, layout_basic, erik_lair_orcish_takeover,
          kb_rosetta, uniq_grum
Lair:1:   layout_loops_ring, lemuel_fruit_fields, uniq_sonja
Lair:2:   layout_roguey, minmay_shoals_entry_beasts, gauntlet_entry_generic,
          serial_bayou_lake_a, grunt_megastairs_4, uniq_nergalle
Lair:3:   hangedman_what_comes_after_a, layout_gridlike,
          spider_nest_entry_rubble, special_room [special_room_bee],
          grunt_forest_stairs_clearing, minmay_lair_oklob_chamber
Lair:4:   dpeg_oklob_gauntlet, layout_loops_ring, portal_ice_cave_rime,
          uniq_urug
Orc:1:    layout_diamond_mine, nicolae_volcano_entry_vermiform, serial_shops,
          nicolae_shop_stone
Orc:2:    st_orc_ogre_mass, layout_caves, uniq_nessos, uniq_josephine

Skill      XL: |  1  2  3  4  5  6  7  8  9 10 11 12 13 14 |
---------------+-------------------------------------------+-----
Fighting       | 1 2 3 5 6 7 10 | 10.2
Dodging        | 2 3 4 5 7 |  7.2
Unarmed Combat | 4 5 6 8 9 11 12 | 12.3
Invocations    | 1 2 8 |  8.0
Transmutations | 3 9 10 | 10.3
Shields        | 2 4 |  4.5
Necromancy     | 2 |  2.0
Hexes          | 5 |  5.1
Spellcasting   | 3 4 |  4.0
Earth Magic    | 1 |  1.9

Action                   |  1- 3 |  4- 6 |  7- 9 | 10-12 | 13-15 || total
-------------------------+-------+-------+-------+-------+-------++-------
Melee: Unarmed           |    76 |   129 |   410 |   488 |   403 ||  1506
       Bite              |    16 |    31 |   114 |   119 |    97 ||   377
       Kick              |    13 |    20 |    12 |    12 |       ||    57
       Headbutt          |     4 |    16 |    10 |     6 |       ||    36
       Punch             |       |     2 |     8 |     5 |    10 ||    25
Throw: Stone             |     5 |    18 |    14 |     5 |       ||    42
 Cast: Beastly Appendage |    14 |    17 |    10 |     3 |       ||    44
       Blade Hands       |       |       |       |    21 |    29 ||    50
       Confusing Touch   |       |       |       |       |     3 ||     3
Invok: Heroism           |       |       |    15 |    16 |     9 ||    40
       Finesse           |       |       |       |     3 |     5 ||     8
 Abil: End Transformatio |       |       |       |       |     1 ||     1
Evoke: Wand              |       |       |     6 |     2 |     3 ||    11
  Use: Scroll            |       |     8 |    10 |     8 |     8 ||    34
       Potion            |       |     1 |     2 |     2 |       ||     5
 Stab: Paralysed         |       |       |     8 |     5 |       ||    13
       Sleeping          |       |       |       |     1 |       ||     1
       Confused          |       |       |       |       |     1 ||     1
Armor: Leather armour    |    31 |    18 |     7 |       |       ||    56
       Steam dragon scal |       |       |    80 |    75 |    68 ||   223
Dodge: Dodged            |    56 |    71 |   247 |   290 |   325 ||   989
Block: Buckler           |       |       |    58 |   141 |    36 ||   235
       Other             |       |       |     6 |    40 |     4 ||    50
       Reflection        |       |       |     2 |    23 |       ||    25

Table legend: (Time is in decaauts)
 A = Elapsed time spent in this place.
 B = Non-inter-level travel time spent in this place.
 C = Inter-level travel time spent in this place.
 D = Time resting spent in this place.
 E = Time spent auto-exploring this place.
 F = Levels seen in this place.
 G = Mean time per level.
                   A        B        C        D        E       F      G
               +--------+--------+--------+--------+--------+-----+--------+
         Total |  14592 |  14003 |    589 |   1588 |   9065 |  20 |  729.6 |
       Dungeon |   9943 |   9586 |    357 |   1047 |   6587 |  11 |  903.9 |
          Lair |   3032 |   2821 |    211 |    151 |   1937 |   4 |  758.0 |
  Orcish Mines |    329 |    309 |     20 |     10 |    187 |   2 |  164.5 |
       Ossuary |    344 |    344 |      0 |      0 |    153 |   1 |  344.0 |
        Bailey |    460 |    460 |      0 |    232 |     22 |   1 |  460.0 |
      Gauntlet |    483 |    483 |      0 |    147 |    179 |   1 |  483.0 |
               +--------+--------+--------+--------+--------+-----+--------+

Top non-repeatable levels by time:
  Lair:3: 1491 daAuts
    D:11: 1375 daAuts
     D:8: 1374 daAuts
     D:1: 1074 daAuts
  Lair:1: 1062 daAuts
     D:7: 998 daAuts
     D:4: 966 daAuts
     D:5: 935 daAuts
     D:6: 918 daAuts
     D:9: 749 daAuts
    D:10: 686 daAuts
     D:2: 503 daAuts
Gauntlet: 483 daAuts
  Bailey: 460 daAuts
     D:3: 358 daAuts
